 Dungeon Crawl Stone Soup version 0.21.1-1-g345015f (webtiles) character file.

200 Gest the Sneak (level 5, -7/41 HPs)
             Began as a Vampire Assassin on May 25, 2018.
             Mangled by a gnoll
             ... wielding a +0 flail
              (15 damage)
             ... on level 3 of the Dungeon on July 4, 2018.
             The game lasted 00:11:30 (1391 turns).

Gest the Sneak (Vampire Assassin)                   Turns: 1391, Time: 00:11:31

Health: -7/41      AC:  6    Str: 10    XL:     5   Next: 48%
Magic:  5/5        EV: 13    Int: 14    God:
Gold:   82         SH:  0    Dex: 16    Spells: 4/4 levels left

rFire    . . .     SeeInvis +   a - +2 dagger
rCold    + . .     Gourm    .   (no shield)
rNeg     . . .     Faith    .   q - +0 robe {rC+}
rPois    .         Spirit   .   l - +2 helmet
rElec    .         Reflect  .   d - +0 cloak
rCorr    .         Harm     .   (no gloves)
MR       .....                  (no boots)
Stlth    ++++......             k - amulet of regeneration
HPRegen  0.73/turn              (no ring)
MPRegen  0.09/turn              (no ring)

@: about to teleport, regenerating quickly
A: fangs 3, see invisible, unbreathing
a: no special abilities


You were on level 3 of the Dungeon.
You were very full.

You visited 1 branch of the dungeon, and saw 3 of its levels.

You collected 82 gold pieces.

Inventory:

Hand Weapons
 a - a +2 dagger (weapon)
 b - a +0 blowgun
Missiles
 e - 53 poisoned needles
 f - 4 curare-tipped needles
Armour
 d - a +0 cloak (worn)
 l - a +2 helmet (worn)
 q - a +0 robe of cold resistance (worn)
Jewellery
 k - an amulet of regeneration (around neck)
 o - an uncursed amulet of rage
Scrolls
 n - 2 scrolls of teleportation
Potions
 c - a potion of brilliance {unknown}
 g - 3 potions of blood
 j - 3 potions of haste
 m - a potion of curing {unknown}
 p - a potion of heal wounds {unknown}
 r - 3 potions of lignification


   Skills:
 + Level 3.0 Fighting
 + Level 3.6 Short Blades
 - Level 1.5 Throwing
 + Level 3.1 Dodging
 + Level 7.2 Stealth


You had 4 spell levels left.
You didn't know any spells.

Dungeon Overview and Level Annotations

Branches:
Dungeon (3/15)

Altars:


Innate Abilities, Weirdness & Mutations

Your natural rate of healing is unusually fast.
You have razor-sharp teeth.
You have supernaturally acute eyesight. (SInv)
You can survive without breathing.


Message History

The orc priest is moderately wounded.
The orc priest hits you with a flail!
You closely miss the orc priest.
The orc priest is moderately wounded.
You closely miss the gnoll. Your bite misses the gnoll.
The gnoll hits you with a flail.
The orc priest hits you but does no damage.
You completely miss the gnoll. You barely miss the orc priest.
The orc priest is moderately wounded.
The gnoll hits you with a flail.
* * * LOW HITPOINT WARNING * * *
The orc priest hits you with a flail.
* * * LOW HITPOINT WARNING * * *
You hit the orc priest.
The orc priest is heavily wounded.
The gnoll closely misses you. The orc priest misses you.
As you read the scroll of teleportation, it crumbles to dust.
You feel strangely unstable. The gnoll hits you with a flail!
You die...

#.##...........#
#.##...........##.... ♣..
#.##...........##?.....#♣♣...
#.##...........##...... ..#..
#.##...........##..... ...#.
#........>..#####....##♣.....
#########.#..# #.....♣......
#.##.## #.....♣.♣....
##.##@o# #.....♣gg..P.
#..###g###.go..o♣...##
######.####o.##...##♣...P#
#...............o.##♣..o.+
#........................#
#....................♣...o.
#..(....................o.P
#..................#.......
#...................w......


You could see an orc priest, a gnoll and an orc.

Vanquished Creatures
  An orc wizard (D:3)
  Jessica (D:2)
  Natasha (twice) (D:2 D:1)
  A gnoll (D:3)
  2 adders (D:2)
  2 oozes (D:1)
  2 dart slugs (D:2)
  A leopard gecko (D:2)
  4 orcs (D:3)
  3 giant cockroaches (D:1)
  6 goblins
  5 hobgoblins
  A quokka (D:2)
  A ball python (D:3)
  14 bats
  3 frilled lizards
  4 kobolds
  3 rats
56 creatures vanquished.

Notes
Turn   | Place    | Note
-------+----------+-------------------------------------------
     0 | D:1      | Gest the Vampire Assassin began the quest for the Orb.
     0 | D:1      | Reached XP level 1. HP: 16/16 MP: 1/1
    67 | D:1      | Reached skill level 6 in Stealth
   126 | D:1      | Reached XP level 2. HP: 22/22 MP: 2/2
   549 | D:2      | Noticed Jessica
   553 | D:2      | Killed Jessica
   553 | D:2      | Reached XP level 3. HP: 27/27 MP: 3/3
   598 | D:2      | Noticed Natasha
   617 | D:2      | Killed Natasha
   617 | D:2      | Reached XP level 4. HP: 13/34 MP: 4/4
   691 | D:2      | Noticed Natasha
   743 | D:1      | Killed Natasha
   946 | D:2      | Reached XP level 5. HP: 40/40 MP: 5/5
   968 | D:2      | Reached skill level 7 in Stealth
  1391 | D:3      | Mangled by a gnoll

Skill      XL: |  1  2  3  4  5 |
---------------+----------------+-----
Stealth        | 6 7 |  7.2
Fighting       | 2 3 |  3.0
Dodging        | 2 3 |  3.1
Short Blades   | 3 |  3.6
Throwing       | |  1.5

Action                   |  1- 3 |  4- 6 || total
-------------------------+-------+-------++-------
Melee: Dagger            |    80 |   127 ||   207
       Bite              |     6 |    13 ||    19
  Use: Scroll            |       |     7 ||     7
 Stab: Sleeping          |     2 |     5 ||     7
  Eat: Corpse            |     2 |     8 ||    10
Armor: Robe              |    27 |    38 ||    65
Dodge: Dodged            |    60 |    87 ||   147
